 Dungeon Crawl Stone Soup version 0.15-a0-734-g2b8d6ef (webtiles) character file.

43 Amnesiac the Sneak (level 3, -7/21 HPs)
             Began as a Halfling Enchanter on May 11, 2014.
             Mangled by an ogre
             ... wielding a +0,+0 giant spiked club
              (25 damage)
             ... on Level 5 of the Dungeon.
             The game lasted 00:05:52 (1668 turns).

Amnesiac the Sneak (Halfling Enchanter)             Turns: 1668, Time: 00:05:53

HP  -7/21        AC  3     Str  5      XL: 3   Next: 82%
MP   0/5         EV 14     Int 16      God:
Gold 25          SH 11     Dex 16      Spells:  2 memorised,  1 level left

rFire  . . .     SeeInvis .     a - +1 dagger
rCold  . . .     Clarity  .     b - +1 robe
rNeg   . . .     Conserve .     g - +0 buckler
rPois  .         rCorr    .     (no helmet)
rElec  .         rRot     .     (no cloak)
SustAb . .       Spirit   .     (no gloves)
rMut   .         Warding  .     (no boots)
Gourm  .         Stasis   .     (no amulet)
MR     .....                    (no ring)
                                (no ring)

@: very slightly contaminated, not resistant to hostile enchantments, fairly
stealthy
A: mutation resistance 1, slow metabolism 1
a: no special abilities


You were on level 5 of the Dungeon.
You were hungry.

You visited 1 branch of the dungeon, and saw 5 of its levels.

You collected 25 gold pieces.

Inventory:

Hand weapons
 a - a +1,+1 dagger (weapon)
 l - a +0,+0 dagger
Missiles
 d - 12 darts (quivered)
Armour
 b - a +1 robe (worn)
 g - a +0 buckler (worn)
Comestibles
 f - 2 bread rations
 m - a rotting chunk of quokka flesh
 p - a pear
Scrolls
 e - 2 scrolls of remove curse {unknown}
 h - a scroll of identify {unknown}
 i - 2 scrolls of recharging {unknown}
 j - a scroll of noise {unknown}
 k - a scroll of magic mapping {unknown}
 o - a scroll of immolation {unknown}
Jewellery
 n - an uncursed ring of regeneration {unknown}
Books
 c - a book of Maledictions

   Spells                             Type                      Level
   *Corona                            Hexes                        1
   Sure Blade                         Hexes/Charms                 2
   Ensorcelled Hibernation            Hexes/Ice                    2
   Confuse                            Hexes                        3
   *Dazzling Spray                    Conjuration/Hexes            3
   Enslavement                        Hexes                        4


   Skills:
 + Level 2.0 Short Blades
 - Level 1.3 Throwing
 - Level 2.4 Dodging
 - Level 3.6 Stealth
 - Level 1.6 Shields
 - Level 1.5 Spellcasting
 - Level 1.0 Conjurations
 - Level 2.8 Hexes


You had one spell level left.
You knew the following spells:

 Your Spells              Type           Power        Failure   Level  Hunger
a - Corona                Hex            ##.....      10%         1    ##.....
e - Dazzling Spray        Conj/Hex       #.......     34%         3    ####...


Dungeon Overview and Level Annotations

Branches:
Dungeon (5/15)
 Temple: D:4-7

Altars:
Qazlal


Innate Abilities, Weirdness & Mutations

You are small and have problems with some larger weapons.
You are somewhat resistant to further mutation.
You have a slow metabolism.


Message History

Casting: Dazzling Spray
Confirm with . or Enter, or press ? or * to list all spells.
Aiming: Dazzling Spray
Press: ? - help, Shift-Dir - straight line, f - ogre
Aim: an ogre, wielding a giant spiked club (severely wounded)
You miscast Dazzling Spray.
You are very lightly contaminated with residual magic.
You experience a momentary feeling of inescapable doom!
You are feeling hungry.
The bat hits you but does no damage. The ogre misses you.
Found a green potion.
Casting: Dazzling Spray
Confirm with . or Enter, or press ? or * to list all spells.
Aiming: Dazzling Spray
Press: ? - help, Shift-Dir - straight line, f/p - ogre
Aim: an ogre, wielding a giant spiked club (severely wounded)
The spray of energy misses the ogre.
The spray of energy misses the bat.
The ogre hits you with a giant spiked club!
Ouch! That really hurt!
You die...

#
#..#######
#..!.@Ob.#
#.######.#
#.# #.#
###.#
#(..#
#.### #.#
#.####


You could see an ogre and a bat.

Vanquished Creatures
  An adder (D:2)
  A giant gecko (D:4)
  An orc (D:3)
  7 hobgoblins
  A jackal (D:1)
  3 bats (D:1)
  A giant newt (D:1)
  A goblin (D:1)
  5 kobolds
  2 quokkas (D:3)
  8 rats
31 creatures vanquished.

Notes
Turn   | Place    | Note
--------------------------------------------------------------
     0 | D:1      | Amnesiac, the Halfling Enchanter, began the quest for the Orb.
     0 | D:1      | Reached XP level 1. HP: 11/11 MP: 2/2
   149 | D:1      | Reached skill level 3 in Stealth
   258 | D:1      | Reached XP level 2. HP: 12/17 MP: 3/3
   434 | D:1      | Reached skill level 1 in Shields
   841 | D:1      | Reached XP level 3. HP: 19/21 MP: 3/5
   846 | D:1      | Learned a level 3 spell: Dazzling Spray
  1013 | D:2      | HP: 1/21 [poisoned by an adder]
  1403 | D:3      | Reached skill level 1 in Conjurations
  1458 | D:4      | Found a stormy altar of Qazlal.
  1646 | D:4      | Noticed an ogre
  1654 | D:5      | Entered Level 5 of the Dungeon
  1654 | D:5      | Noticed an ogre
  1668 | D:5      | Mangled by an ogre

Action                   || total
-------------------------++-------
Melee: Dagger            ||   125
 Cast: Corona            ||    14
       Dazzling Spray    ||     2
  Use: Potion            ||     3
 Stab: Sleeping          ||     3
       Invisible         ||     2
